 Dungeon Crawl Stone Soup version 0.29.1-12-g30fa7ad0bf (webtiles) character file.

Game seed: 10838293936766036332

95 Radix the Digger (level 4, -1/25 HPs)
             Began as a Gargoyle Earth Elementalist on Dec 18, 2022.
             Killed by divine providence
             ... invoked by an orc priest
              (12 damage)
             ... on level 3 of the Dungeon.
             The game lasted 00:12:59 (2343 turns).

Radix the Digger (Gargoyle Earth Elementalist)      Turns: 2343, Time: 00:12:59

Health: -1/25      AC:  9    Str: 16    XL:     4   Next: 65%
Magic:  3/8        EV: 11    Int: 18    God:
Gold:   1352       SH:  3    Dex: 10    Spells: 5/9 levels left

rFire   . . .      SeeInvis .   c - +2 mace (protect)
rCold   . . .      Faith    .   l - +0 buckler
rNeg    + . .      Spirit   .   a - +0 robe
rPois   ∞          Reflect  .   m - +1 helmet of Card Tricks {rPois Str+5}
rElec   +          Harm     .   r - +0 cloak
rCorr   .          Rampage  .   (no gloves)
Will    .....                   g - +0 pair of boots
Stlth   ++........              (no amulet)
HPRegen 0.08/turn               e - ring of wizardry
MPRegen 0.11/turn               (no ring)

@: weak-willed
A: sickness immunity, AC +3, negative energy resistance 1, electricity
resistance, torment resistance 1, petrification resistance
a: no special abilities


You were on level 3 of the Dungeon.
You visited 1 branch of the dungeon, and saw 3 of its levels.

You collected 1352 gold pieces.

Inventory:

Hand Weapons
 c - a +2 mace of protection (weapon)
Armour
 a - a +0 robe (worn)
 g - a +0 pair of boots (worn)
 l - a +0 buckler (worn)
 m - the +1 helmet of Card Tricks (worn) {rPois Str+5}
   (You found it on level 2 of the Dungeon)

   Str:       It affects your strength (+5).
   rPois:     It protects you from poison.
 o - a +2 plate armour of positive energy
 r - a +0 cloak (worn)
Jewellery
 e - a ring of wizardry (left hand)
Scrolls
 h - 3 scrolls of identify {unknown}
 k - a scroll of acquirement
 p - 4 scrolls of fear {unknown}
 s - 2 scrolls of butterflies {unknown}
 u - 2 scrolls of teleportation {unknown}
Potions
 b - 2 potions of magic
 d - a potion of curing {unknown}
 f - a potion of haste {unknown}
 i - a potion of heal wounds {unknown}
 q - a potion of ambrosia {unknown}
 v - a potion of berserk rage {unknown}
 w - a potion of might {unknown}
 x - a potion of lignification {unknown}


   Skills:
 + Level 1.1 Fighting
 + Level 1.0 Maces & Flails
 - Level 1.5 Dodging
 + Level 2.7 Stealth
 + Level 3.0 Spellcasting
 - Level 0.7 Transmutations
 + Level 4.7 Earth Magic


You had 5 spell levels left.
You knew the following spells:

 Your Spells              Type           Power      Damage    Failure   Level
a - Sandblast             Erth           38%        2d10      1%          1
b - Stone Arrow           Conj/Erth      22%        3d8       11%         3

Your spell library contained the following spells:

 Spells                   Type           Power      Damage    Failure   Level
 Passwall                 Tmut/Erth      10%        N/A       4%          2
 Petrify                  Tmut/Erth      12%        N/A       28%         4


Dungeon Overview and Level Annotations

Branches:
Dungeon (3/15)

Altars:
Wu Jian

Shops:
D:2 *


Innate Abilities, Weirdness & Mutations

You are immune to sickness and miasma.
Your stone body is resilient. (AC +3)
You are immune to poison.
You resist negative energy. (rN+)
You are resistant to electric shocks. (rElec)
You are resistant to unholy torment.
You are immune to petrification.


Message History

Aiming: Sandblast (safe; 1% risk of failure)
Press: ? - help, Q - select action Shift-Dir - straight line, f/p - orc
Aim: an orc, wielding a +0 club and wearing a +0 ring mail (84% to hit)
The blast of sand hits the orc.
The orc is lightly wounded.
The orc hits you but does no damage.
Aiming: Sandblast (safe; 1% risk of failure)
Press: ? - help, Q - select action Shift-Dir - straight line, f/p - orc
Aim: an orc, wielding a +0 club and wearing a +0 ring mail (lightly wounded, 84% to hit)
The blast of sand hits the orc.
The orc is moderately wounded.
The orc closely misses you. x2
This is a scroll of acquirement!
Something appears at your feet! The orc completely misses you.
The orc priest calls upon Beogh to heal the orc.
The orc's wounds heal themselves!
You now have 1352 gold pieces (gained 1226).
The orc hits you with a +0 club.
Okay, then.
As you read the scroll labelled SOJAEN SA PESU, it crumbles to dust.
It is a scroll of amnesia.
Really abort (and waste the scroll)?
Okay, then.
The orc hits you but does no damage.
As you read the scroll labelled TEATUA HAENEARANA, it crumbles to dust.
It is a scroll of enchant weapon.
Your +1 mace of protection glows red for a moment.
The orc barely misses you.
As you read the scroll labelled QAODWU APORCH, it crumbles to dust.
Magic quickly surges around you.
It was a scroll of vulnerability.
The orc barely misses you.
Aiming: Sandblast (safe; 1% risk of failure)
Press: ? - help, Q - select action Shift-Dir - straight line, f/p - orc
Aim: an orc, wielding a +0 club and wearing a +0 ring mail (weak-willed, 84% to hit)
The blast of sand hits the orc.
The orc is severely wounded.
The orc closely misses you.
The orc priest invokes the aid of Beogh against you.
Beogh smites you!
You die...

#####.### #..... #.###.#.#
#....)..# #...o. #.###.#.#
#...)...# ##...o.###.......#
#.......# #.......######.###
#.......# #. #o# #.# #.......#
#.## #o# #.# #.......# #...
#.######.# #.......#
#..####.#......###### ####.####
#...@ooo(..#.........
######.#######.####......##.##.##
..>.##...................##.##.##
....##########.####......##......
##†.## #...###...#.#...#.## #...#
##...###.##...)...## #.#.# #...#
####...#...#§ #...# #...#
##.....### ##.#.### #...#
##.......


You could see an orc priest (weak-willed) and 2 orcs.

Vanquished Creatures
  Crazy Yiuf (D:2)
  An adder (D:3)
  A worm (D:3)
  A dart slug (D:2)
  2 orcs
  6 ball pythons
  4 endoplasms
  A giant cockroach (D:1)
  A goblin (D:3)
  11 hobgoblins
  A quokka (D:2)
  6 bats
  3 frilled lizards
  5 kobolds
  3 rats
47 creatures vanquished.

Notes
Turn   | Place    | Note
-------+----------+-------------------------------------------
     0 | D:1      | Radix the Gargoyle Earth Elementalist began the quest for
                  | the Orb.
     0 | D:1      | Reached XP level 1. HP: 10/10 MP: 3/3
   118 | D:1      | Reached skill level 4 in Earth Magic
   118 | D:1      | Reached XP level 2. HP: 11/15 MP: 0/5
   521 | D:1      | Found a faded altar of an unknown god.
   871 | D:2      | Reached XP level 3. HP: 19/19 MP: 6/6
   876 | D:2      | Learned a level 3 spell: Stone Arrow
  1082 | D:2      | Identified the +1 helmet of Card Tricks {rPois Str+5}
  1115 | D:2      | Found Yramatola's General Store.
  1432 | D:2      | Found a runed translucent door.
  1433 | D:2      | Noticed Crazy Yiuf
  1671 | D:2      | Killed Crazy Yiuf
  1672 | D:2      | Reached XP level 4. HP: 21/24 MP: 3/8
  1848 | D:3      | Reached skill level 1 in Fighting
  2168 | D:3      | Reached skill level 1 in Maces & Flails
  2301 | D:3      | Found an ornate altar of the Wu Jian Council.
  2338 | D:3      | Identified 2 scrolls of acquirement
  2338 | D:3      | Acquired 1226 gold pieces
  2343 | D:3      | Killed from afar by an orc priest

Illustrated notes

Levels and vault maps discovered:
D:1:      roderic_chinese_lattice_arrival, layout_loops_ring,
          dreamdust_ecumenical_altar_statues
D:2:      layout_basic, serial_shops, nicolae_shop_hallway_stairs,
          mrwooster_statue_mirror, hangedman_decor_clover_reticule,
          uniq_crazy_yiuf_cottage
D:3:      layout_loops_cross, pdpol_wu_jian_five_deadly_venoms,
          minmay_misc_feat_alley

Skill      XL: |  1  2  3  4 |
---------------+-------------+-----
Earth Magic    | 4 |  4.7
Fighting       | 1 |  1.1
Maces & Flails | 1 |  1.0
Spellcasting   | 3 |  3.0
Dodging        | |  1.5
Stealth        | |  2.7
Transmutations | |  0.7

Action                   |  1- 3 |  4- 6 || total
-------------------------+-------+-------++-------
Melee: Mace              |    57 |     6 ||    63
       Punch             |     1 |       ||     1
 Cast: Sandblast         |    28 |    16 ||    44
  Use: Scroll            |       |     4 ||     4
 Stab: Sleeping          |     2 |     1 ||     3
Armor: Robe              |    38 |     4 ||    42
Dodge: Dodged            |    51 |    12 ||    63
Block: Buckler           |     2 |     1 ||     3
